 Dungeon Crawl Stone Soup version 0.28.0 (webtiles) character file.

Game seed: 8219831990992439780

31566 issech the Bludgeoner (level 13, -2/117 HPs)
             Began as a Troll Monk on Feb 6, 2022.
             Was a High Priest of Hepliaklqana.
             Constricted to death by an anaconda (3 damage)
             ... on level 2 of the Snake Pit.
             The game lasted 01:09:37 (11995 turns).

issech the Bludgeoner (Troll Monk)                 Turns: 11995, Time: 01:09:37

Health: -2/117     AC: 12    Str: 28    XL:     13   Next: 26%
Magic:  5/12       EV: 11    Int:  6    God:    Hepliaklqana [*****.]
Gold:   722        SH:  0    Dex: 24    Spells: 12/12 levels left

rFire   . . .      SeeInvis .   j - +2 giant club (spect)
rCold   . . .      Faith    .   (shield currently unavailable)
rNeg    . . .      Spirit   .   R - +2 steam dragon scales
rPois   +          Reflect  .   B - +2 hat
rElec   .          Harm     .   E - +0 cloak
rCorr   .          Rampage  .   (gloves unavailable)
Will    .....                   (boots unavailable)
Stlth   +++++.....              (no amulet)
HPRegen 1.09/turn               b - ring of Ephemeral Luck {rPois Str+6 Dex+2 Stlth+}
MPRegen 0.13/turn               L - +6 ring of dexterity

@: constricted
A: reduced essence, large, unfitting armour, claws 3, regeneration 1, shaggy fur
1, tough skin 1
a: Renounce Religion, Recall Ancestor, Ancestor Identity, Transference, Idealise


You were on level 2 of the Snake Pit.
You worshipped Hepliaklqana.
Hepliaklqana was extremely pleased with you.
You visited 4 branches of the dungeon, and saw 15 of its levels.

You collected 722 gold pieces.

Inventory:

Hand Weapons
 j - a +2 spectral giant club (weapon)
 k - a +0 giant spiked club
 y - a +2 vorpal great mace
 D - a +1 morningstar of protection
 Q - a +0 shortbow of flaming
 S - a +0 arbalest
 T - a +5 morningstar
 V - a +2 trident of protection
 W - the +7 quarterstaff of the Eleven Continents {antimagic, *Noise rElec Str+3}
   (You found it on level 1 of the Lair of Beasts)

   It reduces the magical energy of the wielder, and disrupts the spells and
   magical abilities of those it strikes.
   Natural abilities and divine invocations are not affected.
   Str:       It affects your strength (+3).
   rElec:     It insulates you from electricity.
   *Noise:    It may make noises in combat.
 X - a +1 vorpal hunting sling
Missiles
 a - 76 bolts
 d - 451 stones
 f - 21 poisoned darts
 h - 6 javelins (quivered)
 m - 303 arrows
 p - 47 sling bullets
 r - 2 throwing nets
 P - a boomerang
Armour
 o - a +0 troll leather armour
 q - an orb of light
 u - the +1 robe of a bazaar {rPois Str+7}
   (You found it on level 3 of the Dungeon)

   Str:       It affects your strength (+7).
   rPois:     It protects you from poison.
 A - the +2 shield of Resistance {rF++ rC++ Will++}
   (You found it on level 3 of the Snake Pit)

   rF:        It greatly protects you from fire.
   rC:        It greatly protects you from cold.
   Will:      It greatly increases your willpower.
 B - a +2 hat (worn)
 E - a +0 cloak (worn)
 I - a scarf of shadows
 R - +2 steam dragon scales (worn)
Jewellery
 b - the ring of Ephemeral Luck (left claw) {rPois Str+6 Dex+2 Stlth+}
   (You acquired it on level 3 of the Dungeon)

   [ring of strength]

   Str:       It affects your strength (+6).
   Dex:       It affects your dexterity (+2).
   rPois:     It protects you from poison.
   Stlth:     It makes you more stealthy.
 C - a ring of protection from fire
 L - a +6 ring of dexterity (right claw)
Wands
 e - a wand of flame (55)
 J - a wand of paralysis (12)
 N - a wand of polymorph (21)
 U - a wand of iceblast (5)
 Y - a wand of acid (6)
Scrolls
 l - 2 scrolls of torment
 s - 2 scrolls of fear
 t - a scroll of vulnerability
 v - a scroll of holy word
 x - 5 scrolls of teleportation
 F - 3 scrolls of immolation
 G - 5 scrolls of magic mapping
 K - 2 scrolls of amnesia
 M - a scroll of summoning
 O - a scroll of blinking
Potions
 c - a potion of lignification
 g - a potion of resistance
 i - 3 potions of attraction
 n - 3 potions of heal wounds {unknown}
 z - 3 potions of might
 H - 3 potions of curing
 Z - 2 potions of flight
Miscellaneous
 w - a condenser vane


   Skills:
 + Level 9.1 Fighting
 + Level 15.3 Maces & Flails
 + Level 2.1 Throwing
 + Level 6.2 Dodging
 + Level 6.4 Stealth


You had 12 spell levels left.
You didn't know any spells.
Your spell library contained the following spells:

 Spells                   Type           Power      Damage    Failure   Level
 Animate Skeleton         Necr           0%         N/A       45%         1
 Magic Dart               Conj           0%         1d3       45%         1
 Pain                     Necr           0%         1d4       45%         1
 Call Imp                 Summ           0%         N/A       58%         2
 Scorch                   Fire           0%         2d5       58%         2
 Mephitic Cloud           Conj/Pois/Air  0%         N/A       83%         3
 Vampiric Draining        Necr           0%         2d6       83%         3
 Animate Dead             Necr           0%         N/A       99%         4
 Flame Wave               Conj/Fire      0%         2d4       99%         4
 Summon Cactus Giant      Summ           0%         N/A       100%        6
 Haunt                    Necr/Summ      0%         N/A       100%        7
 Infestation              Necr           0%         N/A       100%        8


Dungeon Overview and Level Annotations

Branches:
Dungeon (9/15)             Temple (1/1) D:4            Lair (2/6) D:9
  Snake (3/4) Lair:2
  Swamp: Lair:2-4    Shoals: Lair:2-4       Orc: D:9-12

Altars:
Ashenzari
Cheibriados
Dithmenos
Elyvilon
Fedhas
Gozag
Hepliaklqana
Kikubaaqudgha
Makhleb
Nemelex Xobeh
Okawaru
Qazlal
Ru
Sif Muna
Trog
Uskayaw
Vehumet
Wu Jian
Xom
Yredelemnul
Zin
The Shining One

Annotations:
Snake:2 3 runed translucent doors, Mesuenwa's ghost, adept DEWz


Innate Abilities, Weirdness & Mutations

Your life essence is reduced to manifest your ancestor. (-10% HP)
You are too large for most types of armour.
You have claws for hands.
Your natural rate of healing is unusually fast.
You are covered in fur. (AC +1)
You have tough skin. (AC +1)


Message History

The anaconda bites you but does no damage.
The anaconda constricts you. The black mamba bites you.
The anaconda's grasp on you weakens, but your attempt to escape fails.
You feel sick. The anaconda bites you. The anaconda constricts you.
The black mamba closely misses you. The anaconda bites you!
The anaconda constricts you. The black mamba barely misses you.
You escape the anaconda's grasp.
You feel sick.
You are no longer poisoned.
The black mamba bites you. The anaconda barely misses you.
The anaconda bites you but does no damage.
The anaconda barely misses you. The anaconda completely misses you.
The black mamba closely misses you. The anaconda closely misses you. x2
The black mamba bites you! The anaconda closely misses you.
The anaconda completely misses you.
The black mamba bites you but does no damage.
The anaconda grabs you. The anaconda barely misses you.
The anaconda constricts you.
There is a stone staircase leading up here.
You escape the anaconda's grasp.
The black mamba barely misses you. The anaconda grabs you.
You stop ascending the stairs.
The anaconda barely misses you. The anaconda constricts you.
The black mamba bites you!
* * * LOW HITPOINT WARNING * * *
Unknown command.
You escape the anaconda's grasp.
The black mamba closely misses you. The anaconda grabs you.
You stop ascending the stairs.
The anaconda bites you!
* * * LOW HITPOINT WARNING * * *
The anaconda constricts you. The black mamba bites you!
* * * LOW HITPOINT WARNING * * *
The anaconda bites you but does no damage.
The anaconda constricts you.
* * * LOW HITPOINT WARNING * * *
Blink to where?
Press: ? - help, Dir - move target
Okay, then.
You escape the anaconda's grasp.
The anaconda grabs you. The anaconda bites you.
* * * LOW HITPOINT WARNING * * *
The anaconda constricts you.
You die...

......## #.# ... .....##
##.##### ....
...#N####.#....## .....
..##...N..N.....###.....
.###.#####.......#.... #
#.## #........#.# ##.###
#..##.......#
##....##..#####SS...#
#.###..#.# ##@...##
...###..## ##.#.#.#
....###.##.####..##.##
....# #.# #...#)###..#
....# # #.....##...#
....# ###....#..##
........ ##.....#
....#### .###.##).##
...## #.......## ###


You could see an anaconda, a naga ritualist and a black mamba.

Vanquished Creatures
  Gastronok (Lair:2)
  2 hydras
  A naga warrior (Snake:1)
  An anaconda (Snake:1)
  2 two-headed ogres
  2 shock serpents
  Nergalle (Lair:1)
  A naga ritualist (Snake:1)
  7 mana vipers
  A salamander (Snake:1)
  4 naga magi
  9 black mambas
  2 cane toads (Lair:1)
  A polar bear (Lair:1)
  A hornet (D:8)
  A basilisk (Lair:1)
  3 wyverns
  9 yaks
  Grum (Lair:1)
  2 steam dragons (D:8)
  10 nagas
  An acid dragon (D:9)
  7 water moccasins
  4 orc warriors
  2 black bears (D:9)
  An ice beast (D:6)
  6 wolves
  3 ogres
  7 centaurs
  2 phantoms (D:6)
  3 bullfrogs
  2 kobold brigands
  4 scorpions
  A water moccasin skeleton (D:4)
  4 wights (D:8)
  An electric eel (Lair:1)
  2 howler monkeys (D:9)
  A bullfrog zombie (D:7)
  4 centaur zombies
  2 gnoll shamans
  3 hounds
  4 orc priests
  3 centaur skeletons
  A jelly (D:5)
  2 bullfrog skeletons (D:6)
  A scorpion zombie (D:5)
  An iguana (D:6)
  6 orc wizards
  6 adders
  17 gnolls
  A shadow imp (D:7)
  2 ufetubi
  A worm (D:4)
  3 dart slugs
  15 orcs
  11 endoplasms
  3 giant cockroaches
  9 goblins
  6 hobgoblins
  11 jackals
  A quokka (D:1)
  13 ball pythons
  7 bats
  3 frilled lizards
  12 kobolds
  8 rats
  A bush (D:1)
  3 fungi (Lair:1)
  2 plants (Lair:1)
275 creatures vanquished.

Vanquished Creatures (collateral kills)
  A nagaraja (Snake:2)
  A hydra (Lair:2)
  An anaconda (Snake:1)
  A naga sharpshooter (Snake:1)
  A shock serpent (Snake:1)
  2 mana vipers
  A naga mage (Snake:2)
  5 black mambas
  A troll (D:9)
  2 yaks (Lair:1)
  A wyvern (D:8)
  2 basilisks
  3 nagas (Snake:1)
  A water moccasin (Lair:1)
  A sky beast (D:6)
  A wolf (Lair:1)
  A phantom (D:6)
  2 bullfrogs (D:6)
  A gnoll sergeant (D:6)
  A wyvern zombie (D:6)
  A hound (D:5)
  An orc priest (D:6)
  An iguana (D:9)
  An orc wizard (D:8)
  4 gnolls
  2 orcs
  4 jackals (D:5)
  A quokka (D:4)
  2 kobolds
47 creatures vanquished.

Vanquished Creatures (others)
  7 battlemagi
  An orc (D:3)
  9 fungi
  30 plants
47 creatures vanquished.

Grand Total: 369 creatures vanquished

Notes
Turn   | Place    | Note
-------+----------+-------------------------------------------
     0 | D:1      | issech the Troll Monk began the quest for the Orb.
     0 | D:1      | Reached XP level 1. HP: 22/22 MP: 0/0
    82 | D:1      | Reached XP level 2. HP: 28/29 MP: 1/1
    97 | D:1      | Reached skill level 3 in Maces & Flails
   451 | D:1      | Reached XP level 3. HP: 35/36 MP: 2/2
   479 | D:1      | Found a faded altar of an unknown god.
   780 | D:2      | Found a sacrificial altar of Ru.
  1664 | D:2      | Reached XP level 4. HP: 23/44 MP: 3/3
  2224 | D:3      | Reached skill level 4 in Maces & Flails
  2236 | D:3      | Reached XP level 5. HP: 15/53 MP: 4/4
  2586 | D:3      | Identified the +1 robe of a bazaar {rPois Str+7}
  2599 | D:3      | Identified 2 scrolls of acquirement
  2599 | D:3      | Acquired the ring of Ephemeral Luck {rPois Str+6 Dex+2
                  | Stlth+}
  2781 | D:3      | Acquired a +2 spectral giant club
  2829 | D:4      | Found a staircase to the Ecumenical Temple.
  2830 | D:4      | Noticed an orc warrior
  2882 | D:4      | Killed an orc warrior
  2883 | D:4      | Reached XP level 6. HP: 11/61 MP: 5/5
  3003 | D:4      | Reached skill level 5 in Maces & Flails
  3072 | Temple   | Entered the Ecumenical Temple
  3218 | Temple   | Became a worshipper of Hepliaklqana the Forgotten
  3218 | Temple   | Reached * piety under Hepliaklqana
  3218 | Temple   | Reached ** piety under Hepliaklqana
  3219 | Temple   | Remembered your ancestor Citlalmina as a battlemage
  3265 | D:4      | Reached XP level 7. HP: 60/60 MP: 6/6
  3688 | D:5      | Entered Level 5 of the Dungeon
  3791 | D:5      | Reached skill level 6 in Maces & Flails
  4481 | D:6      | Reached XP level 8. HP: 64/70 MP: 7/7
  4510 | D:6      | Reached skill level 7 in Maces & Flails
  4521 | D:6      | Noticed a six-headed hydra
  4587 | D:6      | HP: 2/71 [six-headed hydra (8)]
  4636 | D:5      | Killed a six-headed hydra
  4637 | D:5      | Reached skill level 8 in Maces & Flails
  4637 | D:5      | Reached XP level 9. HP: 47/76 MP: 8/8
  4773 | D:6      | Reached skill level 5 in Fighting
  4843 | D:6      | Reached skill level 9 in Maces & Flails
  4947 | D:6      | Found a hide-covered altar of Uskayaw.
  5301 | D:6      | Reached *** piety under Hepliaklqana
  5394 | D:7      | Found a bloodstained altar of Trog.
  5540 | D:7      | Reached skill level 10 in Maces & Flails
  5919 | D:7      | Noticed a two-headed ogre
  5929 | D:7      | Killed a two-headed ogre
  5930 | D:7      | Reached XP level 10. HP: 78/88 MP: 9/9
  6593 | D:8      | Reached skill level 11 in Maces & Flails
  6610 | D:8      | Found an ancient bone altar of Kikubaaqudgha.
  7265 | D:9      | Found a staircase to the Lair.
  7692 | D:9      | Reached **** piety under Hepliaklqana
  7793 | D:9      | Noticed a two-headed ogre
  7801 | D:9      | Killed a two-headed ogre
  7802 | D:9      | Reached skill level 5 in Dodging
  7802 | D:9      | Reached XP level 11. HP: 86/96 MP: 10/10
  7939 | Lair:1   | Entered Level 1 of the Lair of Beasts
  7939 | Lair:1   | You fall into a shaft and drop 1 floor!
  8171 | Lair:1   | Reached skill level 12 in Maces & Flails
  8256 | Lair:1   | Noticed Grum
  8262 | Lair:1   | Killed Grum
  8550 | Lair:1   | Noticed Nergalle
  8575 | Lair:1   | Killed Nergalle
  8631 | Lair:1   | Identified the +6 leather armour of Zofoiz {Stlth+}
  8672 | Lair:1   | Reached skill level 5 in Stealth
  8807 | Lair:1   | Identified the +7 quarterstaff of the Eleven Continents
                  | {antimagic, *Noise rElec Str+3}
  9137 | Lair:2   | Found a staircase to the Snake Pit.
  9144 | Lair:2   | Noticed a seven-headed hydra
  9150 | Lair:2   | Killed a seven-headed hydra
  9237 | Lair:2   | Noticed an eight-headed hydra
  9245 | Lair:2   | Killed an eight-headed hydra
  9309 | Lair:2   | Reached skill level 13 in Maces & Flails
  9479 | Lair:2   | Noticed Gastronok
  9493 | Lair:2   | Killed Gastronok
  9494 | Lair:2   | Reached XP level 12. HP: 59/107 MP: 11/11
  9674 | Snake:1  | Entered Level 1 of the Snake Pit
  9719 | Snake:1  | Noticed an anaconda
  9726 | Snake:1  | Killed an anaconda
  9807 | Snake:1  | Noticed an anaconda
  9853 | Snake:1  | Killed an anaconda
  9901 | Snake:1  | Reached skill level 14 in Maces & Flails
 10157 | Snake:1  | Noticed a naga warrior
 10165 | Snake:1  | Killed a naga warrior
 10362 | Snake:1  | Reached skill level 1 in Throwing
 10651 | Snake:1  | Reached ***** piety under Hepliaklqana
 10843 | Snake:1  | Reached XP level 13. HP: 114/117 MP: 8/12
 11166 | Snake:2  | Reached skill level 15 in Maces & Flails
 11244 | Snake:2  | You fall into a shaft and drop 1 floor!
 11244 | Snake:3  | Found the +2 shield of Resistance {rF++ rC++ Will++}
 11725 | Snake:2  | Noticed a nagaraja
 11741 | Snake:2  | Killed a nagaraja
 11936 | Snake:2  | Found a runed translucent gate.
 11937 | Snake:2  | Found a runed translucent gate.
 11938 | Snake:2  | Found a runed translucent gate.
 11946 | Snake:2  | Noticed Mesuenwa's ghost (adept DEWz)
 11995 | Snake:2  | HP: 1/117 [anaconda (6)]
 11995 | Snake:2  | Constricted to death by an anaconda

Illustrated notes

Levels and vault maps discovered:
D:1:      dpeg_arrival_fog, layout_rooms, hellmonk_ecumenical_altar_crossroads,
          minmay_hedge_maze
D:2:      layout_basic, basic_altar, serial_co_window_serial, co_window_paths_a,
          co_window_corner_a, co_window_of_opportunity_a, co_window_paths_a,
          co_window_of_opportunity_a, co_window_corner_a, co_window_corner_a,
          co_window_corner_a, co_window_corner_a, co_window_broadway_b,
          co_window_broadway_c, co_window_corner_b, glass_columns_a,
          minmay_shallow_snake_nest
D:3:      layout_basic
D:4:      layout_cave_pools, minmay_temple_entry_crystal_x, minivault_27
D:5:      layout_cave_pools
D:6:      layout_loops_ring, overflow_temple_1_default, grunt_potential
D:7:      layout_rooms, lemuel_doored_altar, grunt_decor_cap
D:8:      layout_loops_corners, kennysheep_small_circle
D:9:      layout_roguey, minmay_lair_entry_grove
Temple:   regret_index_temple_chain_breaker
Lair:1:   layout_roguey, lemuel_fruit_tree, serial_bayou_shore_a,
          infiniplex_staircase_pool, grunt_megastairs_4, uniq_grum,
          uniq_nergalle
Lair:2:   layout_hall_layers, dummy_snake_entry, enter_volcano_2, uniq_gastronok
Snake:1:  layout_grid_maze
Snake:2:  layout_chambers, ebering_ghost_rock_garden, serial_shops, shop
Snake:3:  layout_cave_pods, uniq_nikola

Skill      XL: |  1  2  3  4  5  6  7  8  9 10 11 12 13 |
---------------+----------------------------------------+-----
Maces & Flails | 3 4 5 6 8 10 11 13 14 15 | 15.3
Dodging        | 3 4 5 6 |  6.2
Fighting       | 3 4 5 6 7 8 9 |  9.1
Stealth        | 2 3 4 5 6 |  6.4
Throwing       | 1 2 |  2.1

Action                   |  1- 3 |  4- 6 |  7- 9 | 10-12 | 13-15 || total
-------------------------+-------+-------+-------+-------+-------++-------
Melee: Mace              |   292 |    79 |       |       |       ||   371
       Punch             |     7 |     3 |       |       |       ||    10
       Giant club        |       |    26 |    92 |   234 |    30 ||   382
Throw: Stone             |       |       |       |     5 |       ||     5
       Javelin           |       |       |       |     7 |     3 ||    10
Invok: Ancestor Life: Ba |       |     1 |       |       |       ||     1
       Recall Ancestor   |       |       |       |     1 |       ||     1
  Use: Scroll            |       |     9 |     4 |    10 |     1 ||    24
       Potion            |       |       |       |       |     3 ||     3
 Stab: Sleeping          |     4 |     3 |     8 |    16 |     2 ||    33
       Distracted        |       |     1 |     1 |     5 |     2 ||     9
Armor: Robe              |    84 |    29 |    20 |     1 |       ||   134
       Steam dragon scal |       |       |       |    58 |    12 ||    70
Dodge: Dodged            |   128 |    85 |    58 |   118 |    30 ||   419
